 Dungeon Crawl Stone Soup version 0.27.0-1-g7a089689b8 (webtiles) character file.

Game seed: 13083723571952375822

6735 horus123 the Grappler (level 10, -9/96 HPs)
             Began as a Troll Gladiator on Aug 1, 2021.
             Was a Follower of Wu Jian.
             Mangled by a seven-headed hydra (11 damage)
             ... on level 9 of the Dungeon.
             The game lasted 00:30:16 (6863 turns).

horus123 the Grappler (Troll Gladiator)             Turns: 6863, Time: 00:30:17

Health: -9/96      AC: 10    Str: 24    XL:     10   Next: 75%
Magic:  9/9        EV: 11    Int:  4    God:    Wu Jian [*.....]
Gold:   501        SH:  0    Dex: 11    Spells: 9/9 levels left

rFire    . . .     SeeInvis .   A - +7 spear (venom)
rCold    x . .     Faith    .   (no shield)
rNeg     . . .     Spirit   .   j - +0 troll leather armour {Purgy}
rPois    .         Reflect  .   x - +2 hat of Hadjma {rElec rC- Regen+ Str-3}
rElec    +         Harm     .   f - +0 cloak
rCorr    .         Rampage  .   (gloves unavailable)
Will     .....                  (boots unavailable)
Stlth    +.........             y - amulet of the acrobat
HPRegen  3.26/turn              (no ring)
MPRegen  0.11/turn              (no ring)

@: mighty
A: large, unfitting armour, claws 3, regeneration 1, shaggy fur 1, tough skin 1
a: Renounce Religion


You were on level 9 of the Dungeon.
You worshipped Wu Jian.
Wu Jian was aware of your devotion.
You visited 2 branches of the dungeon, and saw 10 of its levels.
You also visited: Sewer.

You collected 501 gold pieces.

Inventory:

Hand Weapons
 h - a +1 halberd of flaming
 A - a +7 spear of venom (weapon)
Missiles
 c - 3 throwing nets (quivered)
Armour
 b - a +0 hat
 f - a +0 cloak (worn)
 j - a +0 troll leather armour (worn) {Purgy}
 x - the +2 hat of Hadjma (worn) {rElec rC- Regen+ Str-3}
   (You found it on level 5 of the Dungeon)

   Str:       It affects your strength (-3).
   rC:        It makes you vulnerable to cold.
   rElec:     It insulates you from electricity.
   Regen:     It increases your rate of health regeneration.
Jewellery
 y - an amulet of the acrobat (around neck)
Wands
 l - a wand of polymorph (3)
 v - a wand of digging (5)
 w - a wand of mindburst (8)
 z - a wand of paralysis (5)
Scrolls
 d - a scroll of fear
 g - 3 scrolls of magic mapping
 p - 2 scrolls of amnesia
Potions
 a - 2 potions of haste
 e - a potion of degeneration
 i - 2 potions of cancellation
 k - a potion of flight
 m - a potion of attraction
 n - 2 potions of mutation
 o - a potion of might
 q - 5 potions of magic
 r - 2 potions of berserk rage
 s - 2 potions of curing {unknown}
 u - a potion of resistance {unknown}


   Skills:
 + Level 5.2 Fighting
 + Level 4.9 Polearms
 + Level 1.8 Throwing
 + Level 4.6 Armour
 + Level 6.0 Dodging
 + Level 0.8 Stealth
 + Level 11.1 Unarmed Combat
 + Level 0.4 Evocations


You had 9 spell levels left.
You didn't know any spells.
Your spell library contained the following spells:

 Spells                   Type           Power      Damage    Failure   Level
 Shock                    Conj/Air       0%         1d3       54%         1
 Swiftness                Air            0%         N/A       88%         3
 Airstrike                Air            0%         N/A       99%         4


Dungeon Overview and Level Annotations

Branches:
Dungeon (9/15)             Temple (1/1) D:7           Sewer (visited)
   Lair: D:8-11         Orc: D:9-12

Altars:
Ashenzari
Cheibriados
Dithmenos
Elyvilon
Fedhas
Gozag
Hepliaklqana
Kikubaaqudgha
Makhleb
Nemelex Xobeh
Okawaru
Qazlal
Ru
Sif Muna
Trog
Uskayaw
Vehumet
Wu Jian
Xom
Zin
The Shining One


Innate Abilities, Weirdness & Mutations

You are too large for most types of armour.
You have claws for hands.
Your natural rate of healing is unusually fast.
You are covered in fur. (AC +1)
You have tough skin. (AC +1)


Message History

The seven-headed hydra barely misses you.
You puncture the seven-headed hydra!
The seven-headed hydra is lightly wounded.
The seven-headed hydra bites you but does no damage. x2
The seven-headed hydra barely misses you.
The seven-headed hydra bites you but does no damage. x2
The seven-headed hydra bites you.
The seven-headed hydra closely misses you.
You puncture the seven-headed hydra!
The seven-headed hydra is moderately wounded.
You puncture the seven-headed hydra!
The seven-headed hydra is heavily wounded.
The seven-headed hydra bites you but does no damage.
The seven-headed hydra bites you.
The seven-headed hydra barely misses you.
The seven-headed hydra bites you but does no damage.
The seven-headed hydra barely misses you.
The seven-headed hydra bites you but does no damage. x2
You puncture the seven-headed hydra!
The seven-headed hydra is severely wounded.
The seven-headed hydra misses you. The seven-headed hydra bites you! x2
The seven-headed hydra bites you. The seven-headed hydra bites you!
* * * LOW HITPOINT WARNING * * *
The seven-headed hydra bites you.
* * * LOW HITPOINT WARNING * * *
The seven-headed hydra bites you!
* * * LOW HITPOINT WARNING * * *
There are monsters nearby!
Aiming: Polymorph
Press: ? - help, Shift-Dir - straight line, f - seven-headed hydra
Aim: a seven-headed hydra (severely wounded, will become a fire dragon, an ice dragon, or a hornet, chance to affect: 16%)
The seven-headed hydra resists with almost no effort.
The seven-headed hydra bites you!
* * * LOW HITPOINT WARNING * * *
The seven-headed hydra bites you.
* * * LOW HITPOINT WARNING * * *
The seven-headed hydra misses you.
The seven-headed hydra bites you but does no damage. x2
The seven-headed hydra bites you!
You die...

### #.. #.# ..
#? #.# #.. #.
#.#..# ##.##.
#@#..##
#<..#.###D#...
.........O#..#
#........)#D.#
#........#..#
#$.......#..#
#........)..#
.........<..##
##...........#


You could see a seven-headed hydra and a two-headed ogre.

Vanquished Creatures
  A hydra (D:7)
  A two-headed ogre (D:7)
  Pikel (D:4)
  A manticore (D:8)
  A shadow (D:9)
  A wyvern (D:7)
  2 steam dragons
  Menkaure (D:5)
  Duvessa (D:6)
  A water moccasin (D:3)
  2 sky beasts
  Purgy (Sewer)
  3 ice beasts
  2 orc warriors (D:8)
  3 centaurs
  2 ogres
  A lemure (D:4)
  5 kobold brigands
  4 bullfrogs (D:7)
  Dowan (D:6)
  3 wyvern skeletons (D:7)
  3 killer bees (D:6)
  2 howler monkeys
  11 wights
  2 centaur zombies
  2 hounds
  2 centaur skeletons
  4 orc priests
  2 jellies
  2 gnoll shamans
  Crazy Yiuf (D:5)
  2 iguanas
  Ijyb (D:5)
  Natasha (thrice) (D:2)
  5 orc wizards
  A hound skeleton (D:4)
  A howler monkey zombie (D:7)
  3 gnolls (D:6)
  9 adders
  A shadow imp (D:6)
  2 white imps
  2 worms
  2 dart slugs
  48 orcs
  5 ball pythons
  4 bats
  3 endoplasms
  8 giant cockroaches
  7 goblins
  4 hobgoblins
  8 jackals
  26 kobolds
  3 quokkas
  8 frilled lizards
  A quokka skeleton (D:4)
  5 rats
  A butterfly (D:7)
232 creatures vanquished.

Vanquished Creatures (others)
  2 fungi (D:5)
2 creatures vanquished.

Grand Total: 234 creatures vanquished

Notes
Turn   | Place    | Note
-------+----------+-------------------------------------------
     0 | D:1      | horus123 the Troll Gladiator began the quest for the Orb.
     0 | D:1      | Reached XP level 1. HP: 19/19 MP: 0/0
   102 | D:1      | Reached XP level 2. HP: 27/27 MP: 1/1
   584 | D:2      | Reached XP level 3. HP: 35/35 MP: 2/2
   623 | D:2      | Reached skill level 4 in Unarmed Combat
   807 | D:2      | Noticed Natasha
   813 | D:2      | Killed Natasha
   814 | D:2      | Reached XP level 4. HP: 33/42 MP: 3/3
   993 | D:2      | Found a faded altar of an unknown god.
  1248 | D:2      | Noticed Natasha
  1256 | D:2      | Killed Natasha
  1264 | D:2      | Noticed Natasha
  1275 | D:2      | Killed Natasha
  1276 | D:2      | Reached skill level 5 in Unarmed Combat
  1359 | D:3      | Found a glowing drain.
  1371 | D:3      | Reached XP level 5. HP: 49/49 MP: 4/4
  1381 | Sewer    | Entered a sewer
  1426 | Sewer    | Noticed Purgy
  1435 | Sewer    | Killed Purgy
  1436 | Sewer    | Reached skill level 6 in Unarmed Combat
  1911 | D:3      | Reached XP level 6. HP: 57/57 MP: 5/5
  2163 | D:3      | Noticed a water moccasin
  2176 | D:3      | Killed a water moccasin
  2324 | D:4      | Reached skill level 1 in Armour
  2515 | D:4      | Noticed Pikel
  2536 | D:4      | Killed Pikel
  2537 | D:4      | Reached skill level 8 in Unarmed Combat
  2537 | D:4      | Reached XP level 7. HP: 55/66 MP: 6/6
  2679 | D:4      | Reached XP level 8. HP: 59/74 MP: 7/7
  3063 | D:5      | Entered Level 5 of the Dungeon
  3252 | D:5      | Reached skill level 9 in Unarmed Combat
  3603 | D:5      | Noticed Menkaure
  3611 | D:5      | Killed Menkaure
  3654 | D:5      | Noticed Ijyb
  3664 | D:5      | Killed Ijyb
  3691 | D:5      | Identified the +2 hat of Hadjma {rElec rC- Regen+ Str-3}
  3827 | D:5      | Found a runed translucent door.
  3828 | D:5      | Noticed Crazy Yiuf
  3935 | D:5      | Killed Crazy Yiuf
  4288 | D:6      | Reached skill level 10 in Unarmed Combat
  4315 | D:6      | Reached XP level 9. HP: 54/81 MP: 8/8
  4324 | D:6      | HP: 3/81 [orc (2)]
  4511 | D:6      | Noticed Dowan
  4512 | D:6      | Noticed Duvessa
  4522 | D:6      | Killed Duvessa
  4525 | D:6      | Killed Dowan
  4949 | D:7      | Found a staircase to the Ecumenical Temple.
  5078 | D:7      | Reached skill level 5 in Dodging
  5078 | D:7      | Reached skill level 11 in Unarmed Combat
  5097 | D:7      | Noticed a two-headed ogre
  5107 | D:7      | HP: 3/83 [two-headed ogre (21)]
  5108 | D:7      | Killed a two-headed ogre
  5168 | D:7      | Noticed a four-headed hydra
  5204 | D:7      | Killed a four-headed hydra
  5205 | D:7      | Reached XP level 10. HP: 39/92 MP: 9/9
  5696 | Temple   | Entered the Ecumenical Temple
  5863 | Temple   | Became a worshipper of the Wu Jian Council
  6314 | D:8      | Reached * piety under Wu Jian
  6604 | D:8      | Noticed a manticore
  6633 | D:8      | Killed a manticore
  6634 | D:8      | Reached skill level 5 in Fighting
  6660 | D:8      | Identified the +10 whip of Arbitration {vorpal, rPois MP+9
                  | SInv}
  6845 | D:9      | Noticed a seven-headed hydra
  6845 | D:9      | Noticed a two-headed ogre
  6863 | D:9      | HP: 2/96 [seven-headed hydra (5)]
  6863 | D:9      | Mangled by a seven-headed hydra

Illustrated notes

Levels and vault maps discovered:
D:1:      psy_arrival_fountain, layout_basic, chequers_decorated_corner,
          minmay_distorted
D:2:      layout_loops_ring, dreamdust_ecumenical_altar_statues,
          minmay_misc_feat_tower, hex_medium, hangedman_feature_mirror,
          minmay_liquid_box, minmay_pentomino_s4, uniq_natasha
D:3:      layout_basic, portal_sewer_entry_a
D:4:      layout_cave_pods, uniq_pikel
D:5:      layout_loops_cross, minmay_crossroads, uniq_menkaure, uniq_ijyb,
          uniq_crazy_yiuf_cottage
D:6:      layout_basic, uniq_duvessa
D:7:      cheibrodos_fzero, layout_rooms, minmay_temple_entry_butterflies
D:8:      layout_loops_cross, special_room [special_room_orc]
D:9:      layout_loops_ring
Temple:   nicolae_temple_the_god_donut

Skill      XL: |  1  2  3  4  5  6  7  8  9 10 |
---------------+-------------------------------+-----
Unarmed Combat | 4 5 6 8 10 11 | 11.1
Fighting       | 2 3 4 5 |  5.2
Dodging        | 3 4 5 6 |  6.0
Armour         | 2 3 4 |  4.6
Polearms       | 3 4 |  4.9
Throwing       | |  1.8
Stealth        | |  0.8
Evocations     | |  0.4

Action                   |  1- 3 |  4- 6 |  7- 9 | 10-12 || total
-------------------------+-------+-------+-------+-------++-------
Melee: Unarmed           |    69 |   160 |   215 |       ||   444
       Punch             |     1 |     6 |    10 |    10 ||    27
       Spear             |       |       |    83 |   231 ||   314
Invok: Lunge             |       |       |       |     8 ||     8
       Whirlwind         |       |       |       |     8 ||     8
Evoke: Wand              |       |       |     4 |     1 ||     5
  Use: Scroll            |       |     1 |    13 |     7 ||    21
       Potion            |       |       |     5 |     1 ||     6
 Stab: Sleeping          |       |       |     1 |       ||     1
Armor: Robe              |    22 |    16 |       |       ||    38
       Troll leather arm |       |    38 |   137 |    87 ||   262
Dodge: Dodged            |    31 |    81 |   181 |   170 ||   463
